[ AOE2 MATCH · #464385397 ]
Team RMTeutons vs Japanese
[ REPLAY ANALYSIS · EXTRACTED FROM THE RECORDED GAME ]
Feudal
11:52
Castle
17:59
Imperial
—
| APM avg | 20.9 |
| APM peak | 46 |
| eAPM avg | 12.9 |
| Villagers / military | 121 / 28 |
Focus
⚔️ 25.4% · 🌾 74.6%
Spearman ×25 · Scorpion ×2 · Battering Ram ×1
Feudal
12:47
Castle
22:22
Imperial
—
| APM avg | 16.0 |
| APM peak | 36 |
| eAPM avg | 7.9 |
| Villagers / military | 63 / 26 |
Focus
⚔️ 17.2% · 🌾 82.8%
Ballista Elephant ×12 · Knight ×9 · Scout Cavalry ×5
Feudal
12:10
Castle
28:25
Imperial
—
| APM avg | 8.4 |
| APM peak | 36 |
| eAPM avg | 5.8 |
| Villagers / military | 43 / 34 |
Focus
⚔️ 28.8% · 🌾 71.2%
Spearman ×22 · Archer ×5 · Militia ×5 · Knight ×1 · Battering Ram ×1
Feudal
13:09
Castle
16:22
Imperial
—
| APM avg | 18.0 |
| APM peak | 56 |
| eAPM avg | 9.7 |
| Villagers / military | 92 / 63 |
Focus
⚔️ 22.9% · 🌾 77.1%
Ballista Elephant ×30 · Spearman ×18 · Scout Cavalry ×13 · Battle Elephant ×2
Match map
Initial resources + every placement click. Lines = walls · curves = elevation contours. ◆ gold · ⬟ stone · ● berries · ✦ relic · ◌ wall gap
Your base· Open — unwalled flank
smellybandit44's base· Open — unwalled flank
BIG's base· Open — 1t gap
tiagosacadura's base· Open — unwalled flank
Smoothed initial terrain · ◌ = detected wall gap · hover for details
Inputs per minute
— IRS - - smellybandit44
Build order — IRS
First 150 of 231 actions detected
| 0:01 | Create | Villager (Male) |
| 0:01 | Create | Villager (Male) |
| 0:02 | Create | Villager (Male) |
| 0:02 | Create | Villager (Male) |
| 0:02 | Create | Villager (Male) |
| 0:06 | Build | House |
| 0:07 | Build | House |
| 1:31 | Create | Villager (Male) |
| 1:31 | Create | Villager (Male) |
| 1:53 | Build | Lumber Camp |
| 2:07 | Create | Villager (Male) |
| 2:07 | Create | Villager (Male) |
| 2:39 | Create | Villager (Male) |
| 2:39 | Create | Villager (Male) |
| 2:41 | Create | Villager (Male) |
| 3:14 | Create | Villager (Male) |
| 3:14 | Create | Villager (Male) |
| 3:17 | Build | House |
| 4:21 | Create | Villager (Male) |
| 4:21 | Create | Villager (Male) |
| 4:40 | Create | Villager (Male) |
| 4:40 | Create | Villager (Male) |
| 4:54 | Create | Villager (Male) |
| 4:54 | Create | Villager (Male) |
| 5:21 | Create | Villager (Male) |
| 5:22 | Create | Villager (Male) |
| 5:33 | Create | Villager (Male) |
| 5:51 | Create | Villager (Male) |
| 5:51 | Create | Villager (Male) |
| 5:52 | Create | Villager (Male) |
| 5:57 | Create | Villager (Male) |
| 5:57 | Create | Villager (Male) |
| 5:57 | Create | Villager (Male) |
| 6:28 | Build | Mill |
| 6:29 | Create | Villager (Male) |
| 6:30 | Create | Villager (Male) |
| 7:04 | Create | Villager (Male) |
| 7:05 | Create | Villager (Male) |
| 7:05 | Create | Villager (Male) |
| 7:14 | Create | Villager (Male) |
| 7:15 | Create | Villager (Male) |
| 7:21 | Build | House |
| 7:34 | Build | Farm |
| 7:36 | Build | Farm |
| 7:39 | Build | Farm |
| 8:31 | Create | Villager (Male) |
| 8:31 | Create | Villager (Male) |
| 8:32 | Create | Villager (Male) |
| 8:32 | Create | Villager (Male) |
| 8:33 | Create | Villager (Male) |
| 8:34 | Create | Villager (Male) |
| 9:04 | Build | Mining Camp |
| 9:19 | Create | Villager (Male) |
| 9:19 | Create | Villager (Male) |
| 9:19 | Create | Villager (Male) |
| 9:20 | Create | Villager (Male) |
| 9:34 | Research | Feudal Age |
| 9:42 | Build | House |
| 9:46 | Create | Villager (Male) |
| 10:15 | Create | Villager (Male) |
| 10:22 | Build | Farm |
| 10:24 | Build | Farm |
| 10:26 | Build | Farm |
| 10:28 | Build | Farm |
| 10:29 | Create | Villager (Male) |
| 10:30 | Create | Villager (Male) |
| 10:30 | Create | Villager (Male) |
| 11:19 | Build | Farm |
| 11:52 | Age | Feudal Age |
| 12:08 | Build | Blacksmith |
| 12:15 | Build | Market |
| 12:21 | Create | Villager (Male) |
| 12:43 | Create | Villager (Male) |
| 13:24 | Create | Villager (Male) |
| 13:31 | Build | Farm |
| 13:34 | Build | Farm |
| 13:41 | Build | Farm |
| 13:48 | Build | Farm |
| 13:51 | Create | Villager (Male) |
| 14:04 | Build | Farm |
| 14:05 | Build | Farm |
| 14:06 | Build | Farm |
| 14:15 | Create | Villager (Male) |
| 14:43 | Build | House |
| 15:19 | Research | Castle Age |
| 16:06 | Create | Villager (Male) |
| 16:07 | Create | Villager (Male) |
| 16:07 | Create | Villager (Male) |
| 16:32 | Research | Double-Bit Axe |
| 16:35 | Research | Horse Collar |
| 17:53 | Create | Villager (Male) |
| 17:56 | Create | Villager (Male) |
| 17:56 | Create | Villager (Male) |
| 17:59 | Age | Castle Age |
| 18:00 | Build | Farm |
| 18:30 | Build | Town Center |
| 19:18 | Build | Farm |
| 19:24 | Build | Farm |
| 19:26 | Create | Villager (Male) |
| 19:48 | Build | Town Center |
| 20:04 | Create | Villager (Male) |
| 20:05 | Create | Villager (Male) |
| 20:05 | Create | Villager (Male) |
| 20:10 | Build | Farm |
| 20:13 | Research | Bow Saw |
| 20:19 | Create | Villager (Male) |
| 20:19 | Create | Villager (Male) |
| 20:19 | Create | Villager (Male) |
| 20:20 | Create | Villager (Male) |
| 20:20 | Create | Villager (Male) |
| 21:01 | Research | Loom |
| 21:29 | Research | Fletching |
| 22:25 | Create | Villager (Male) |
| 22:25 | Create | Villager (Male) |
| 22:36 | Build | House |
| 22:43 | Build | House |
| 22:50 | Create | Villager (Male) |
| 22:50 | Create | Villager (Male) |
| 22:50 | Create | Villager (Male) |
| 23:00 | Create | Villager (Male) |
| 23:01 | Create | Villager (Male) |
| 23:01 | Create | Villager (Male) |
| 23:02 | Create | Villager (Male) |
| 23:06 | Create | Villager (Male) |
| 23:06 | Create | Villager (Male) |
| 23:08 | Create | Villager (Male) |
| 23:08 | Create | Villager (Male) |
| 23:11 | Research | Bodkin Arrow |
| 24:46 | Build | Castle |
| 26:11 | Build | Palisade Wall |
| 26:15 | Build | Palisade Wall |
| 26:18 | Build | Palisade Wall |
| 26:21 | Build | Palisade Wall |
| 26:28 | Create | Villager (Male) |
| 26:28 | Create | Villager (Male) |
| 26:44 | Create | Villager (Male) |
| 26:45 | Create | Villager (Male) |
| 26:50 | Build | Farm |
| 26:50 | Build | Farm |
| 26:51 | Build | Farm |
| 26:51 | Build | Farm |
| 26:52 | Build | Farm |
| 26:55 | Create | Villager (Male) |
| 26:56 | Create | Villager (Male) |
| 27:12 | Build | Barracks |
| 27:42 | Build | Castle |
| 27:47 | Create | Villager (Male) |
| 27:50 | Research | Forging |
| 28:42 | Create | Villager (Male) |
| 28:42 | Create | Villager (Male) |
Build order — smellybandit44
133 actions detected in the replay
| 0:06 | Build | House |
| 0:09 | Create | Villager (Male) ×4 |
| 0:13 | Build | House |
| 2:03 | Build | Lumber Camp |
| 2:08 | Create | Villager (Male) |
| 2:09 | Create | Villager (Male) |
| 2:09 | Create | Villager (Male) |
| 2:55 | Create | Villager (Male) |
| 2:55 | Create | Villager (Male) |
| 2:55 | Create | Villager (Male) |
| 3:54 | Create | Villager (Male) |
| 4:15 | Create | Villager (Male) |
| 4:15 | Create | Villager (Male) |
| 4:15 | Create | Villager (Male) |
| 4:36 | Build | House |
| 4:37 | Build | House |
| 4:38 | Build | House |
| 4:39 | Build | House |
| 5:13 | Create | Villager (Male) |
| 5:13 | Create | Villager (Male) |
| 5:56 | Create | Villager (Male) ×4 |
| 6:49 | Build | Farm |
| 6:49 | Build | Farm |
| 6:49 | Build | Farm |
| 6:49 | Build | Farm |
| 6:50 | Build | Farm |
| 6:50 | Build | Farm |
| 6:51 | Build | Farm |
| 6:51 | Build | Farm |
| 7:48 | Create | Villager (Male) ×5 |
| 8:31 | Build | Farm |
| 8:33 | Build | Farm |
| 8:35 | Build | Farm |
| 8:36 | Build | Farm |
| 10:08 | Build | Mining Camp |
| 10:37 | Research | Feudal Age |
| 10:59 | Create | Villager (Male) ×2 |
| 12:47 | Age | Feudal Age |
| 13:16 | Create | Villager (Male) |
| 13:17 | Create | Villager (Male) |
| 13:31 | Research | Double-Bit Axe |
| 13:41 | Create | Villager (Male) ×5 |
| 13:56 | Build | Mining Camp |
| 14:03 | Build | Farm |
| 14:04 | Build | Farm |
| 14:06 | Build | Farm |
| 14:07 | Build | Farm |
| 14:08 | Build | Farm |
| 14:19 | Build | Mining Camp |
| 14:42 | Research | Loom |
| 14:57 | Build | Stable |
| 15:31 | Build | Mill |
| 15:36 | Research | Gold Mining |
| 15:41 | Research | Stone Mining |
| 15:45 | Build | Farm |
| 15:53 | Build | Farm |
| 16:01 | Build | Farm |
| 16:11 | Create | Scout Cavalry ×5 |
| 16:13 | Research | Bloodlines |
| 16:24 | Build | Farm |
| 17:04 | Build | House |
| 17:08 | Build | House |
| 17:09 | Build | House |
| 17:10 | Build | House |
| 17:13 | Build | House |
| 17:14 | Build | House |
| 17:15 | Build | House |
| 17:16 | Build | House |
| 17:17 | Build | House |
| 17:18 | Build | House |
| 17:19 | Build | House |
| 17:22 | Build | House |
| 17:23 | Build | House |
| 17:29 | Research | Horse Collar |
| 17:31 | Research | Wheelbarrow |
| 17:36 | Create | Villager (Male) ×5 |
| 17:46 | Build | Farm |
| 17:48 | Build | Farm |
| 17:49 | Build | Farm |
| 17:52 | Build | Farm |
| 19:29 | Build | Farm |
| 19:37 | Build | Blacksmith |
| 19:42 | Research | Castle Age |
| 20:22 | Research | Scale Barding Armor |
| 20:23 | Research | Forging |
| 20:26 | Research | Scale Barding Armor |
| 20:34 | Build | Farm |
| 22:04 | Create | Villager (Male) ×5 |
| 22:10 | Research | Fletching |
| 22:22 | Age | Castle Age |
| 22:35 | Research | Light Cavalry (upgrade) |
| 22:55 | Build | Castle |
| 23:29 | Build | Archery Range |
| 23:30 | Build | Archery Range |
| 23:34 | Build | Stable |
| 23:35 | Build | Stable |
| 24:14 | Build | Castle |
| 24:39 | Build | University |
| 26:11 | Build | Stable |
| 26:17 | Create | Knight ×5 |
| 26:35 | Build | Mining Camp |
| 26:41 | Research | Murder Holes |
| 26:46 | Build | Farm |
| 26:48 | Create | Villager (Male) ×5 |
| 26:48 | Create | Villager (Male) ×5 |
| 27:08 | Create | Knight ×4 |
| 28:29 | Research | Iron Casting |
| 28:59 | Build | Farm |
| 29:00 | Build | Farm |
| 29:06 | Build | Farm |
| 29:07 | Build | Farm |
| 29:24 | Build | Lumber Camp |
| 29:47 | Build | Farm |
| 30:03 | Research | Husbandry |
| 30:21 | Create | Ballista Elephant ×2 |
| 30:44 | Build | Lumber Camp |
| 31:56 | Create | Ballista Elephant ×5 |
| 32:09 | Build | Monastery |
| 32:19 | Create | Villager (Male) ×4 |
| 32:27 | Build | Town Center |
| 33:04 | Build | Market |
| 33:11 | Research | Bow Saw |
| 34:31 | Create | Ballista Elephant ×5 |
| 35:04 | Build | Farm |
| 35:05 | Build | Farm |
| 35:06 | Build | Farm |
| 35:11 | Build | Farm |
| 35:12 | Build | Farm |
| 35:12 | Build | Farm |
| 35:12 | Build | Farm |
| 35:14 | Build | Farm |
| 35:18 | Create | Villager (Male) ×4 |
| 35:25 | Create | Villager (Male) |
Build order — BIG
101 actions detected in the replay
| 0:04 | Build | House |
| 0:06 | Build | House |
| 0:29 | Create | Villager (Male) ×4 |
| 0:29 | Create | Villager (Male) ×4 |
| 1:54 | Create | Villager (Male) |
| 2:14 | Build | Lumber Camp |
| 2:17 | Create | Villager (Male) |
| 2:51 | Create | Villager (Male) |
| 3:24 | Create | Villager (Male) |
| 3:33 | Create | Villager (Male) |
| 4:54 | Create | Villager (Male) |
| 4:54 | Create | Villager (Male) |
| 5:25 | Build | House |
| 5:27 | Build | House |
| 5:35 | Build | Palisade Wall |
| 6:38 | Build | Lumber Camp |
| 6:46 | Create | Villager (Male) ×5 |
| 7:15 | Build | Mining Camp |
| 7:28 | Build | House |
| 7:32 | Build | House |
| 7:41 | Build | Palisade Wall |
| 8:38 | Build | Mill |
| 8:57 | Build | House |
| 9:00 | Build | House |
| 9:11 | Build | Farm |
| 9:41 | Build | Farm |
| 9:44 | Build | Farm |
| 9:51 | Build | Farm |
| 9:55 | Build | Farm |
| 10:00 | Research | Feudal Age |
| 10:07 | Build | Farm |
| 10:12 | Build | House |
| 10:31 | Build | Palisade Wall |
| 10:53 | Build | House |
| 10:54 | Build | House |
| 12:10 | Age | Feudal Age |
| 12:14 | Build | Palisade Wall |
| 12:28 | Build | Barracks |
| 12:35 | Create | Villager (Male) ×5 |
| 13:03 | Build | Farm |
| 13:40 | Create | Spearman |
| 13:46 | Research | Double-Bit Axe |
| 13:55 | Build | House |
| 13:57 | Build | House |
| 14:09 | Build | House |
| 14:22 | Build | Palisade Wall |
| 14:34 | Build | Farm |
| 14:59 | Research | Man-at-Arms (upgrade) |
| 15:05 | Research | Horse Collar |
| 15:47 | Create | Spearman |
| 16:23 | Build | Palisade Gate |
| 16:37 | Create | Villager (Male) ×5 |
| 16:55 | Build | Archery Range |
| 17:07 | Build | Archery Range |
| 17:14 | Build | Stable |
| 17:38 | Build | Farm |
| 17:42 | Build | Farm |
| 18:42 | Create | Villager (Male) |
| 18:42 | Create | Villager (Male) |
| 18:42 | Create | Villager (Male) |
| 18:55 | Research | Wheelbarrow |
| 19:11 | Build | Mining Camp |
| 19:24 | Build | Palisade Wall |
| 19:39 | Build | Palisade Wall |
| 19:43 | Build | Palisade Wall |
| 19:58 | Create | Villager (Male) |
| 19:58 | Create | Villager (Male) |
| 19:59 | Create | Villager (Male) |
| 20:18 | Build | Palisade Gate |
| 20:51 | Create | Archer ×5 |
| 21:14 | Create | Militia ×5 |
| 21:55 | Build | Blacksmith |
| 22:50 | Research | Town Watch |
| 23:21 | Create | Villager (Male) |
| 23:21 | Create | Villager (Male) |
| 23:50 | Build | House |
| 24:14 | Build | Watch Tower |
| 25:45 | Research | Castle Age |
| 26:36 | Build | Farm |
| 26:38 | Build | Farm |
| 27:30 | Create | Villager (Male) ×5 |
| 28:10 | Build | Barracks |
| 28:14 | Research | Scale Mail Armor |
| 28:16 | Research | Forging |
| 28:25 | Age | Castle Age |
| 28:46 | Research | Pikeman (upgrade) |
| 28:54 | Build | House |
| 29:10 | Build | Farm |
| 29:27 | Build | Monastery |
| 29:46 | Build | Palisade Gate |
| 30:12 | Build | Siege Workshop |
| 30:25 | Build | Town Center |
| 30:53 | Research | Stone Mining |
| 30:59 | Research | Gold Mining |
| 31:14 | Build | House |
| 31:39 | Create | Spearman ×5 |
| 31:39 | Create | Spearman ×5 |
| 31:39 | Create | Spearman ×5 |
| 31:39 | Create | Spearman ×5 |
| 31:57 | Create | Knight |
| 32:12 | Create | Battering Ram |
Build order — tiagosacadura
First 150 of 173 actions detected
| 0:06 | Build | House |
| 0:08 | Create | Villager (Male) |
| 0:09 | Research | Loom |
| 0:10 | Create | Villager (Male) ×4 |
| 0:10 | Create | Villager (Male) ×3 |
| 0:10 | Create | Villager (Male) ×3 |
| 0:19 | Build | House |
| 0:20 | Build | House |
| 2:43 | Create | Villager (Male) ×2 |
| 2:43 | Create | Villager (Male) ×2 |
| 3:06 | Create | Villager (Male) |
| 3:06 | Create | Villager (Male) |
| 3:56 | Create | Villager (Male) ×2 |
| 4:09 | Build | Lumber Camp |
| 5:04 | Create | Villager (Male) |
| 5:04 | Create | Villager (Male) |
| 5:28 | Create | Villager (Male) ×3 |
| 5:28 | Create | Villager (Male) ×3 |
| 5:28 | Create | Villager (Male) ×3 |
| 6:47 | Create | Villager (Male) ×5 |
| 7:01 | Build | Mining Camp |
| 7:11 | Build | House |
| 7:26 | Create | Villager (Male) ×2 |
| 7:38 | Build | Mill |
| 8:48 | Create | Villager (Male) |
| 9:58 | Create | Villager (Male) |
| 10:28 | Build | House |
| 10:33 | Create | Villager (Male) |
| 10:57 | Research | Feudal Age |
| 11:01 | Create | Villager (Male) |
| 11:01 | Create | Villager (Male) |
| 12:15 | Build | Palisade Wall |
| 12:22 | Build | Palisade Gate |
| 13:09 | Build | Palisade Wall |
| 13:09 | Age | Feudal Age |
| 13:42 | Research | Castle Age |
| 14:30 | Build | Stable |
| 15:19 | Build | Blacksmith |
| 15:32 | Build | House |
| 15:54 | Create | Scout Cavalry |
| 15:55 | Create | Scout Cavalry |
| 16:22 | Age | Castle Age |
| 16:34 | Build | Town Center |
| 16:43 | Create | Villager (Male) |
| 16:43 | Create | Villager (Male) |
| 16:43 | Create | Villager (Male) |
| 16:44 | Create | Villager (Male) |
| 17:38 | Create | Villager (Male) |
| 18:14 | Build | House |
| 18:19 | Research | Double-Bit Axe |
| 18:27 | Create | Villager (Male) |
| 18:43 | Build | Town Center |
| 18:56 | Create | Villager (Male) ×5 |
| 19:04 | Build | Farm |
| 19:06 | Build | Farm |
| 19:08 | Build | Farm |
| 19:09 | Build | Farm |
| 19:19 | Research | Light Cavalry (upgrade) |
| 19:20 | Create | Scout Cavalry |
| 20:16 | Create | Villager (Male) |
| 20:37 | Build | Farm |
| 20:38 | Build | Farm |
| 20:39 | Build | Farm |
| 20:46 | Build | Farm |
| 21:06 | Create | Villager (Male) |
| 21:14 | Build | Farm |
| 21:14 | Build | Farm |
| 21:14 | Build | Farm |
| 21:15 | Build | Farm |
| 21:15 | Build | Farm |
| 21:15 | Build | Farm |
| 21:15 | Build | Farm |
| 21:34 | Create | Villager (Male) ×5 |
| 21:45 | Create | Scout Cavalry |
| 21:45 | Create | Scout Cavalry |
| 21:58 | Research | Fletching |
| 22:20 | Build | Farm |
| 22:28 | Research | Wheelbarrow |
| 22:43 | Build | House |
| 22:54 | Build | Mining Camp |
| 23:00 | Research | Stone Mining |
| 23:16 | Create | Villager (Male) ×5 |
| 23:58 | Research | Forging |
| 24:07 | Create | Scout Cavalry |
| 24:07 | Create | Scout Cavalry |
| 24:07 | Create | Scout Cavalry |
| 24:53 | Research | Bloodlines |
| 24:55 | Create | Battle Elephant |
| 24:56 | Create | Battle Elephant |
| 25:01 | Create | Scout Cavalry |
| 25:01 | Create | Scout Cavalry |
| 25:01 | Create | Scout Cavalry |
| 25:10 | Build | Farm |
| 25:12 | Build | Farm |
| 25:14 | Build | Farm |
| 26:04 | Create | Villager (Male) ×5 |
| 26:27 | Build | Castle |
| 26:44 | Build | House |
| 28:00 | Create | Villager (Male) ×5 |
| 28:10 | Build | Barracks |
| 28:11 | Build | Barracks |
| 28:23 | Research | Hand Cart |
| 28:23 | Create | Villager (Male) ×5 |
| 28:59 | Build | University |
| 29:02 | Research | Pikeman (upgrade) |
| 29:07 | Build | Mining Camp |
| 29:19 | Build | Mining Camp |
| 29:25 | Create | Villager (Male) ×2 |
| 30:06 | Build | House |
| 30:08 | Build | House |
| 30:16 | Research | Murder Holes |
| 30:18 | Create | Villager (Male) |
| 30:33 | Build | Farm |
| 30:34 | Build | Farm |
| 31:27 | Build | Castle |
| 31:48 | Research | Bodkin Arrow |
| 31:50 | Research | Iron Casting |
| 31:51 | Research | Scale Barding Armor |
| 32:27 | Build | Mining Camp |
| 32:53 | Create | Villager (Male) ×5 |
| 32:55 | Create | Villager (Male) ×3 |
| 33:18 | Build | Castle |
| 33:47 | Build | Mining Camp |
| 33:59 | Create | Ballista Elephant ×2 |
| 34:05 | Create | Spearman ×3 |
| 34:05 | Create | Spearman ×3 |
| 34:25 | Research | Gold Mining |
| 34:36 | Build | Farm |
| 34:36 | Build | Farm |
| 34:36 | Build | Farm |
| 34:36 | Build | Farm |
| 34:37 | Build | Farm |
| 34:37 | Build | Farm |
| 34:37 | Build | Farm |
| 34:37 | Build | Farm |
| 34:38 | Build | Farm |
| 34:38 | Build | Farm |
| 34:38 | Build | Farm |
| 34:38 | Build | Farm |
| 34:39 | Build | Farm |
| 34:39 | Build | Farm |
| 34:39 | Build | Farm |
| 34:43 | Build | Farm |
| 34:48 | Build | Farm |
| 34:55 | Create | Spearman ×5 |
| 34:55 | Create | Spearman ×5 |
| 35:08 | Create | Spearman ×2 |
| 35:18 | Create | Villager (Male) |
| 35:25 | Build | Farm |
| 35:26 | Build | Farm |
Match timeline
| 5:35 | BIG · wall_segment Palisade Wall x4 |
| 7:41 | BIG · wall_segment Palisade Wall x8 |
| 10:31 | BIG · wall_segment Palisade Wall x11 |
| 11:52 | IRS · age_up feudal |
| 12:10 | BIG · age_up feudal |
| 12:14 | BIG · wall_segment Palisade Wall x8 |
| 12:15 | tiagosacadura · wall_segment Palisade Wall x9 |
| 12:28 | BIG · first_building Barracks |
| 12:47 | smellybandit44 · age_up feudal |
| 13:09 | tiagosacadura · wall_segment Palisade Wall x7 |
| 13:09 | tiagosacadura · age_up feudal |
| 14:22 | BIG · wall_segment Palisade Wall x12 |
| 14:30 | tiagosacadura · first_building Stable |
| 14:57 | smellybandit44 · first_building Stable |
| 15:10 | IRS · first_market_sell 100 wood |
| 15:12 | IRS · first_market_buy 100 food |
| 16:22 | tiagosacadura · age_up castle |
| 16:55 | BIG · first_building Archery Range |
| 17:14 | BIG · first_building Stable |
| 17:59 | IRS · age_up castle |
| 19:24 | BIG · wall_segment Palisade Wall x10 |
| 19:39 | BIG · wall_segment Palisade Wall x12 |
| 19:43 | BIG · wall_segment Palisade Wall x6 |
| 22:22 | smellybandit44 · age_up castle |
| 22:55 | smellybandit44 · first_building Castle |
| 23:29 | smellybandit44 · first_building Archery Range |
| 24:46 | IRS · first_building Castle |
| 26:11 | IRS · wall_segment Palisade Wall x6 |
| 26:15 | IRS · wall_segment Palisade Wall x5 |
| 26:18 | IRS · wall_segment Palisade Wall x7 |
| 26:21 | IRS · wall_segment Palisade Wall x7 |
| 26:27 | tiagosacadura · first_building Castle |
| 27:12 | IRS · first_building Barracks |
| 28:10 | tiagosacadura · first_building Barracks |
| 28:25 | BIG · age_up castle |
| 29:27 | BIG · first_building Monastery |
| 30:10 | IRS · first_building Siege Workshop |
| 30:12 | BIG · first_building Siege Workshop |
| 32:09 | smellybandit44 · first_building Monastery |
| 33:32 | BIG · resign |
| 35:08 | IRS · wall_segment Stone Wall x20 |
[ AI ANALYSIS · 1 CREDIT ]
What really happened in this match?
Wolo.gg analyzes every decision: build order, eco, micro, common mistakes by bracket. Personalized analysis on WhatsApp or Discord in 30 seconds.
Civ guide
Teutons
Map guide
Mountain Ridge
Perfil
IRS